 Dungeon Crawl Stone Soup version 0.31-a0-175-g9f7f995f2b (webtiles) character file.

Game seed: 258760273449351460

14028 qw the Marksgargoyle (level 12, -3/77 HPs)
             Began as a Gargoyle Hunter on June 16, 2023.
             Was a Priest of Okawaru.
             Slain by a killer bee (6 damage)
             ... on level 2 of the Lair of Beasts on June 17, 2023.
             The game lasted 00:05:23 (9661 turns).

qw the Marksgargoyle (Gargoyle Hunter)              Turns: 9661, Time: 00:05:24

Health: -3/77      AC: 23    Str: 16    XL:     12   Next: 12%
Magic:  14/15      EV: 18    Int: 10    God:    Okawaru [***...]
Gold:   181        SH:  0    Dex: 17    Spells: 11/11 levels left

rFire   . . .        Y - +1 orcbow
rCold   + . .        (shield currently unavailable)
rNeg    + . .        o - +0 steam dragon scales
rPois   inf          n - +1 helmet
rElec   +            q - +0 cloak
rCorr   +            e - +2 pair of gloves
SInv    .            (no boots)
Will    .....        u - amulet of faith
Stlth   +++          f - ring of resist corrosion
HPRegen 0.32/turn    j - ring of protection from cold
MPRegen 0.14/turn

%: faith
@: about to teleport, heroic
A: sickness immunity, AC +8, negative energy resistance 1, electricity
resistance, torment resistance 1, petrification resistance
a: Renounce Religion, Heroism


You were on level 2 of the Lair of Beasts.
You worshipped Okawaru.
Okawaru was most pleased with you.
You visited 3 branches of the dungeon, and saw 11 of its levels.

You collected 569 gold pieces.
You spent 388 gold pieces at shops.


Innate Abilities, Weirdness & Mutations

You are immune to sickness and miasma.
Your stone body is resilient. (AC +8)
You are immune to poison.
You resist negative energy. (rN+)
You are resistant to electric shocks. (rElec)
You are resistant to unholy torment.
You are immune to petrification.


   Skills:
 - Level 10.0(15.0) Fighting
 + Level 15.1(20.1) Ranged Weapons
 - Level 5.1(10.1) Armour
 - Level 5.0(10.0) Dodging
 - Level 1.1(6.1) Stealth
 - Level 4.7 Invocations


You had 11 spell levels left.
You didn't know any spells.
Your spell library was empty.

Inventory:

Hand Weapons
 r - the +6 arbalest "Damnation" {damnation}
   (You acquired it on level 1 of the Lair of Beasts)
 Y - a +1 orcbow (weapon)
Armour
 e - a +2 pair of gloves (worn)
 n - a +1 helmet (worn)
 o - +0 steam dragon scales (worn)
 q - a +0 cloak (worn)
Jewellery
 f - a ring of resist corrosion (left hand)
 j - a ring of protection from cold (right hand)
 u - an amulet of faith (around neck)
Wands
 a - a wand of digging (13)
Scrolls
 l - 7 scrolls of identify
Potions
 b - 5 potions of attraction
 c - a potion of lignification
 g - a potion of magic
 h - a potion of haste
 i - a potion of cancellation
 k - 5 potions of curing
 m - 3 potions of might
 p - 2 potions of mutation

Dungeon Overview and Level Annotations

Branches:
Dungeon (8/15)             Temple (1/1) D:7            Lair (2/5) D:8
  Swamp: Lair:2-3    Shoals: Lair:2-3     Snake: Lair:2-3    Spider: Lair:2-3

Altars:
Ashenzari
Cheibriados
Dithmenos
Elyvilon
Fedhas
Gozag
Hepliaklqana
Kikubaaqudgha
Makhleb
Nemelex Xobeh
Okawaru
Qazlal
Ru
Sif Muna
Trog
Uskayaw
Vehumet
Wu Jian
Xom
Yredelemnul
Zin
The Shining One

Shops:
D:7 ?=

Annotations:
D:3 1 runed translucent door, Crazy Yiuf


Message History

The queen bee is moderately wounded.
The killer bee completely misses you. The killer bee stings you!
The killer bee closely misses you.
The killer bee stings you but does no damage.
The killer bee completely misses you.
The killer bee stings you but does no damage.
The killer bee barely misses you.
The killer bee stings you but does no damage.
The killer bee closely misses you.
You shoot an arrow. The arrow barely misses the queen bee.
The arrow misses the killer bee.
The killer bee completely misses you. The killer bee misses you.
The killer bee closely misses you.
The killer bee stings you but does no damage.
The killer bee misses you. The queen bee stings you!
The killer bee barely misses you. x2
You shoot an arrow.
The arrow hits the queen bee but does no damage.
The queen bee is moderately wounded.
The killer bee closely misses you.
The killer bee stings you but does no damage.
The killer bee closely misses you. The killer bee barely misses you.
The killer bee misses you. The killer bee closely misses you.
The killer bee completely misses you. x2; The killer bee barely misses you.
The killer bee closely misses you.
The queen bee calls on the killer bee to defend it!
The killer bee goes berserk!
You shoot an arrow.
The arrow hits the queen bee but does no damage.
The queen bee is moderately wounded.
The killer bee stings you. The killer bee stings you!
The killer bee misses you.
The killer bee stings you but does no damage. x2
The killer bee stings you. x2; The killer bee closely misses you.
9661 ||| READING scroll of teleportation.
As you read the scroll of teleportation, it crumbles to dust.
You feel strangely unstable. The killer bee closely misses you.
The killer bee misses you. x2
The killer bee stings you but does no damage.
The killer bee stings you.
You die...

#.##.#..'.%...#
###..%##..#..#
##...## ....
#....# P..[
#####.#.##### #.#
#..#..#.#P?.# #
#...........##
#.......y...P#
#.......y@y.##
#....%..yyy.#
#P.....[..y.....
##......%.%.......
###.#..%...######
####..%..# ##.%.##
....#


You could see a queen bee and 6 killer bees.

Vanquished Creatures
  A hydra (Lair:2)
  A two-headed ogre (D:8)
  Erica (D:8)
  Pikel (D:6)
  A black mamba (Lair:2)
  6 elephants (Lair:1)
  Maurice (D:8)
  2 cane toads
  Maggie (D:8)
  A komodo dragon (Lair:1)
  2 polar bears (Lair:2)
  Sigmund (D:2)
  11 yaks
  3 basilisks
  A steam dragon (D:8)
  Menkaure (D:5)
  Duvessa (D:6)
  8 water moccasins
  An orc warrior (D:8)
  5 ice beasts
  A sky beast (D:8)
  3 black bears
  3 ogres
  7 wolves (Lair:1)
  4 lemures (D:6)
  2 phantoms
  4 kobold brigands
  8 bullfrogs
  2 scorpions
  Dowan (D:6)
  16 killer bees (Lair:2)
  3 jellies
  A gnoll bouda (D:7)
  8 hounds
  3 orc priests
  2 sleepcaps (D:5)
  Ijyb (D:4)
  4 orc wizards
  Robin (D:2)
  4 adders
  6 gnolls
  2 shadow imps
  2 white imps (D:6)
  An ufetubus (D:6)
  3 worms
  2 dart slugs (D:4)
  17 orcs
  9 ball pythons
  4 bats
  5 endoplasms (D:2)
  2 giant cockroaches
  20 goblins
  12 hobgoblins
  7 jackals
  7 quokkas
  2 frilled lizards
  23 kobolds
  5 rats
257 creatures vanquished.

Notes
Turn   | Place    | Note
-------+----------+-------------------------------------------
     0 | D:1      | qw the Gargoyle Hunter began the quest for the Orb.
     0 | D:1      | Reached XP level 1. HP: 12/12 MP: 1/1
     0 | D:1      | 0 ||| qw: Version: 0.2-a-29-g511e9b1
     0 | D:1      | 0 ||| qw: Game counter: 90
     0 | D:1      | 0 ||| qw: Always use a shield: true
     0 | D:1      | 0 ||| qw: God list: Okawaru
     0 | D:1      | 0 ||| qw: Allow faded altars: false
     0 | D:1      | 0 ||| qw: Do Orc after D:15 true
     0 | D:1      | 0 ||| qw: Do second Lair branch before Depths: true
     0 | D:1      | 0 ||| qw: Lair rune preference: random
     0 | D:1      | 0 ||| qw: Plans: Normal, Zot:1-4, Slime:5, God:TSO, Crypt,
                  | Tomb, Abyss, Pan, Hells, Win
     0 | D:1      | 0 ||| PLANNING D:1-11
     3 | D:1      | Noticed an electric eel
     4 | D:1      | Noticed an electric eel
   143 | D:1      | Reached XP level 2. HP: 17/17 MP: 2/2
   487 | D:1      | 487 ||| UPGRADING to +0 ring mail.
   497 | D:1      | 497 ||| DROPPING +0 leather armour.
   498 | D:1      | 498 ||| UPGRADING to +0 helmet.
   503 | D:1      | 503 ||| READING scroll labelled TEOR ORHOWUF.
   504 | D:1      | 504 ||| DROPPING scroll of butterflies.
   578 | D:2      | Reached skill level 1 in Armour
   578 | D:2      | Reached XP level 3. HP: 21/21 MP: 3/3
   586 | D:2      | Noticed Sigmund
   597 | D:2      | HP: 4/21 [Sigmund/+0 scythe (5)]
   608 | D:2      | Killed Sigmund
   609 | D:2      | Reached skill level 6 in Ranged Weapons
   609 | D:2      | Reached XP level 4. HP: 8/26 MP: 4/4
   609 | D:2      | Reached XP level 5. HP: 9/30 MP: 5/5
   611 | D:2      | HP: 7/30 [hobgoblin[Robin] (3)]
   613 | D:2      | Noticed Robin
   619 | D:2      | Killed Robin
   842 | D:2      | Reached XP level 6. HP: 36/36 MP: 6/6
   869 | D:2      | Reached skill level 3 in Fighting
  1403 | D:2      | 1403 ||| UPGRADING to +0 pair of gloves.
  1408 | D:2      | 1408 ||| DROPPING amulet of magic regeneration.
  1409 | D:2      | 1409 ||| READING scroll labelled YKYKYEFFEG.
  1467 | D:2      | 1467 ||| READING scroll labelled MOJUAR QO PU QIR.
  1468 | D:2      | 1468 ||| DRINKING 2 viscous silvery potions.
  1469 | D:2      | 1469 ||| DRINKING 2 purple potions.
  1497 | D:3      | 1497 ||| STAIRDANCE
  1908 | D:3      | Found a runed translucent door.
  1909 | D:3      | Noticed Crazy Yiuf
  1912 | D:3      | 1912 ||| DROPPING +6 ring of intelligence.
  1913 | D:3      | 1913 ||| READING 2 scrolls labelled FIFREELIUCW.
  1914 | D:3      | 1914 ||| READING scroll of enchant weapon.
  1914 | D:3      | 1914 ||| ENCHANTING +1 shortbow of draining.
  1915 | D:3      | 1915 ||| READING 2 scrolls labelled RITHOIBOIQ.
  1916 | D:3      | 1916 ||| READING scroll of enchant armour.
  1916 | D:3      | 1916 ||| ENCHANTING +0 pair of gloves.
  1981 | D:4      | Reached skill level 7 in Ranged Weapons
  1998 | D:4      | Found a snail-covered altar of Cheibriados.
  2038 | D:4      | Reached XP level 7. HP: 43/43 MP: 7/7
  2137 | D:4      | Noticed Ijyb
  2150 | D:4      | Killed Ijyb
  2396 | D:4      | 2396 ||| READING scroll labelled BUP JUCEEXZE.
  2729 | D:4      | 2729 ||| READING scroll labelled OXEROD SUQYM.
  2730 | D:4      | 2730 ||| READING scroll labelled CAPSEA ENNUUN.
  2731 | D:4      | 2731 ||| DRINKING 3 green potions.
  2732 | D:4      | 2732 ||| READING 4 scrolls of identify.
  2732 | D:4      | 2732 ||| IDENTIFYING black potion
  2733 | D:4      | 2733 ||| READING 3 scrolls of identify.
  2733 | D:4      | 2733 ||| IDENTIFYING bubbling orange potion
  2734 | D:4      | 2734 ||| READING 2 scrolls of identify.
  2734 | D:4      | 2734 ||| IDENTIFYING clear potion
  2738 | D:5      | Entered Level 5 of the Dungeon
  2825 | D:5      | Reached skill level 8 in Ranged Weapons
  2884 | D:5      | Noticed Menkaure
  2891 | D:5      | Killed Menkaure
  2899 | D:5      | Reached XP level 8. HP: 47/49 MP: 8/8
  3056 | D:5      | 3056 ||| FLEEEEING.
  3057 | D:5      | 3057 ||| FLEEEEING.
  3125 | D:5      | 3125 ||| READING scroll of enchant armour.
  3125 | D:5      | 3125 ||| ENCHANTING +1 pair of gloves.
  3155 | D:5      | Reached skill level 9 in Ranged Weapons
  3185 | D:5      | Found an ancient bone altar of Kikubaaqudgha.
  3410 | D:5      | 3410 ||| READING scroll labelled CANUAST HAECZY.
  3411 | D:5      | 3411 ||| DRINKING 2 orange potions.
  3412 | D:5      | 3412 ||| READING 6 scrolls of identify.
  3412 | D:5      | 3412 ||| IDENTIFYING metallic green potion
  3413 | D:5      | 3413 ||| READING 5 scrolls of identify.
  3413 | D:5      | 3413 ||| IDENTIFYING sedimented inky potion
  3414 | D:5      | 3414 ||| DROPPING potion of ambrosia.
  3415 | D:5      | 3415 ||| DROPPING potion of brilliance.
  3435 | D:6      | Noticed Duvessa
  3435 | D:6      | Noticed Dowan
  3436 | D:6      | 3436 ||| FLEEEEING.
  3438 | D:6      | 3438 ||| STAIRDANCE
  3481 | D:6      | Killed Dowan
  3482 | D:6      | Reached skill level 6 in Fighting
  3488 | D:6      | HP: 6/51 [Duvessa/+0 short sword (10)]
  3489 | D:6      | 3489 ||| DRINKING potion of heal wounds.
  3511 | D:6      | HP: 9/51 [Duvessa/+0 short sword (5)]
  3512 | D:6      | Killed Duvessa
  3710 | D:6      | Reached skill level 10 in Ranged Weapons
  3710 | D:6      | Reached XP level 9. HP: 48/55 MP: 9/9
  3808 | D:6      | HP: 10/55 [lemure[Pikel] (4)]
  3829 | D:6      | Noticed Pikel
  3830 | D:6      | 3830 ||| FLEEEEING.
  3831 | D:6      | 3831 ||| FLEEEEING.
  3832 | D:6      | 3832 ||| FLEEEEING.
  4018 | D:6      | Reached skill level 3 in Armour
  4226 | D:6      | Killed Pikel
  4366 | D:6      | Reached skill level 11 in Ranged Weapons
  4637 | D:6      | Reached skill level 3 in Dodging
  4870 | D:6      | 4870 ||| UPGRADING to +1 helmet.
  4880 | D:6      | 4880 ||| DROPPING +0 helmet.
  4881 | D:6      | 4881 ||| DRINKING 2 sapphire potions.
  4882 | D:6      | 4882 ||| READING 5 scrolls of identify.
  4882 | D:6      | 4882 ||| IDENTIFYING bubbling golden potion
  4883 | D:6      | 4883 ||| DROPPING potion of enlightenment.
  4951 | D:7      | 4951 ||| Stepping ~*~*~tactically~*~*~ (outnumbered).
  4955 | D:7      | Found a flagged portal.
  4957 | D:7      | 4957 ||| Stepping ~*~*~tactically~*~*~ (water).
  5001 | D:7      | Found Hamn's Jewellery Boutique.
  5004 | D:7      | 5004 ||| SHOPLISTING +4 ring of slaying (1014 gold, have
                  | 295).
  5004 | D:7      | 5004 ||| SHOPLISTING amulet of reflection (390 gold, have
                  | 295).
  5004 | D:7      | 5004 ||| SHOPLISTING amulet of regeneration (390 gold, have
                  | 295).
  5004 | D:7      | 5004 ||| SHOPLISTING ring of fire (325 gold, have 295).
  5004 | D:7      | 5004 ||| SHOPLISTING ring of protection from cold (325
                  | gold, have 295).
  5004 | D:7      | 5004 ||| BUYING ring of resist corrosion (260 gold).
  5004 | D:7      | Bought a ring of resist corrosion for 260 gold pieces
  5077 | D:7      | Found a staircase to the Ecumenical Temple.
  5078 | D:7      | 5078 ||| PLANNING TEMPLE
  5078 | D:7      | 5078 ||| UPGRADING to ring of resist corrosion.
  5093 | D:7      | 5093 ||| FLEEEEING.
  5265 | Temple   | Entered the Ecumenical Temple
  5320 | Temple   | 5320 ||| PLANNING OKAWARU WORSHIP
  6279 | Temple   | Became a worshipper of Warmaster Okawaru
  6280 | Temple   | 6280 ||| PLANNING D:1-11
  6342 | D:7      | 6342 ||| Stepping ~*~*~tactically~*~*~ (outnumbered).
  6343 | D:7      | 6343 ||| Stepping ~*~*~tactically~*~*~ (outnumbered).
  6346 | D:7      | 6346 ||| Stepping ~*~*~tactically~*~*~ (outnumbered).
  6709 | D:7      | Found Effeskec's Magic Scroll Shoppe.
  6712 | D:7      | 6712 ||| BUYING 3 scrolls of identify (96 gold).
  6712 | D:7      | Bought 3 scrolls of identify for 96 gold pieces
  6712 | D:7      | 6712 ||| BUYING scroll of identify (32 gold).
  6712 | D:7      | Bought a scroll of identify for 32 gold pieces
  6712 | D:7      | 6712 ||| SHOPLISTING scroll of teleportation (48 gold, have
                  | 1).
  6745 | D:7      | 6745 ||| UPGRADING to ring of protection from cold.
  6746 | D:7      | 6746 ||| READING scroll labelled KIDUT MADILE.
  6788 | D:7      | 6788 ||| READING 8 scrolls of identify.
  6788 | D:7      | 6788 ||| IDENTIFYING cyan potion
  6789 | D:7      | 6789 ||| DROPPING potion of invisibility.
  6826 | D:8      | Noticed Maggie
  6828 | D:8      | Reached XP level 10. HP: 64/64 MP: 10/10
  6850 | D:8      | Killed Maggie
  6850 | D:8      | Reached * piety under Okawaru
  6851 | D:8      | Reached skill level 12 in Ranged Weapons
  6882 | D:8      | 6882 ||| FLEEEEING.
  6883 | D:8      | 6883 ||| FLEEEEING.
  6915 | D:8      | 6915 ||| Stepping ~*~*~tactically~*~*~ (outnumbered).
  6924 | D:8      | Reached skill level 1 in Invocations
  7005 | D:8      | Noticed Maurice
  7019 | D:8      | Killed Maurice
  7083 | D:8      | 7083 ||| READING scroll of enchant weapon.
  7083 | D:8      | 7083 ||| ENCHANTING +2 shortbow of draining.
  7092 | D:8      | Noticed a two-headed ogre
  7093 | D:8      | 7093 ||| INVOKING Heroism.
  7100 | D:8      | Killed a two-headed ogre
  7101 | D:8      | Reached skill level 3 in Invocations
  7126 | D:8      | Noticed Erica
  7127 | D:8      | 7127 ||| INVOKING Heroism.
  7133 | D:8      | Killed Erica
  7400 | D:8      | 7400 ||| INVOKING Heroism.
  7408 | D:8      | Reached skill level 13 in Ranged Weapons
  7416 | D:8      | Found a staircase to the Lair.
  7468 | D:8      | 7468 ||| DROPPING +0 sling.
  7469 | D:8      | 7469 ||| UPGRADING to +0 orcbow.
  7470 | D:8      | 7470 ||| DROPPING +3 shortbow of draining.
  7535 | D:8      | 7535 ||| INVOKING Heroism.
  7555 | D:8      | Found a shimmering altar of Xom.
  7681 | D:8      | 7681 ||| PLANNING LAIR
  7681 | D:8      | 7681 ||| UPGRADING to +0 steam dragon scales.
  7691 | D:8      | 7691 ||| DROPPING +0 ring mail.
  7692 | D:8      | 7692 ||| UPGRADING to +0 cloak.
  7720 | Lair:1   | Entered Level 1 of the Lair of Beasts
  7726 | Lair:1   | 7726 ||| STAIRDANCE
  7729 | D:8      | 7729 ||| INVOKING Heroism.
  7805 | Lair:1   | 7805 ||| STAIRDANCE
  7807 | D:8      | 7807 ||| INVOKING Heroism.
  7807 | D:8      | HP: 10/64 [yak (10)]
  7808 | D:8      | 7808 ||| READING 2 scrolls of teleportation.
  7809 | D:8      | 7809 ||| DRINKING potion of heal wounds.
  7966 | D:8      | Reached XP level 11. HP: 69/69 MP: 14/14
  7972 | D:8      | 7972 ||| INVOKING Heroism.
  7982 | D:8      | Reached skill level 9 in Fighting
  8068 | Lair:1   | 8068 ||| STAIRDANCE
  8072 | D:8      | 8072 ||| INVOKING Heroism.
  8293 | Lair:1   | 8293 ||| INVOKING Heroism.
  8421 | Lair:1   | Found a dark tunnel.
  8440 | Lair:1   | 8440 ||| READING scroll of enchant weapon.
  8440 | Lair:1   | 8440 ||| ENCHANTING +0 orcbow.
  8626 | Lair:1   | Found a sacrificial altar of Ru.
  8653 | Lair:1   | 8653 ||| INVOKING Heroism.
  8757 | Lair:1   | Reached skill level 14 in Ranged Weapons
  8804 | Lair:1   | Reached ** piety under Okawaru
  8806 | Lair:1   | 8806 ||| INVOKING Heroism.
  8835 | Lair:1   | 8835 ||| INVOKING Heroism.
  9081 | Lair:1   | 9081 ||| INVOKING Heroism.
  9257 | Lair:1   | 9257 ||| UPGRADING to amulet of faith.
  9262 | Lair:1   | 9262 ||| READING scroll labelled ZODEOCINEL.
  9263 | Lair:1   | 9263 ||| READING scroll labelled YWUB HUABAO.
  9364 | Lair:1   | 9364 ||| READING scroll labelled DURUXZ DYRPHUIDGH.
  9364 | Lair:1   | Identified a scroll of acquirement
  9364 | Lair:1   | 9364 ||| ACQUIRING +6 arbalest "Damnation" {damnation}
  9364 | Lair:1   | Acquired the +6 arbalest "Damnation" {damnation}
  9364 | Lair:1   | Found the +6 arbalest "Damnation" {damnation}
  9366 | Lair:1   | 9366 ||| UPGRADING to +6 arbalest "Damnation" {damnation}.
  9367 | Lair:1   | 9367 ||| READING 9 scrolls of identify.
  9367 | Lair:1   | 9367 ||| IDENTIFYING lumpy dark potion
  9368 | Lair:1   | 9368 ||| READING 8 scrolls of identify.
  9368 | Lair:1   | 9368 ||| IDENTIFYING fizzy orange potion
  9369 | Lair:1   | 9369 ||| DROPPING potion of berserk rage.
  9410 | Lair:2   | 9410 ||| INVOKING Heroism.
  9420 | Lair:2   | 9420 ||| PLANNING LAIR
  9420 | Lair:2   | 9420 ||| SWAPPING to +1 orcbow.
  9438 | Lair:2   | 9438 ||| STAIRDANCE
  9445 | Lair:1   | 9445 ||| SWAPPING to +6 arbalest "Damnation" {damnation}.
  9466 | Lair:2   | Noticed a swamp dragon
  9468 | Lair:2   | 9468 ||| INVOKING Heroism.
  9472 | Lair:2   | 9472 ||| SWAPPING to +1 orcbow.
  9504 | Lair:2   | Reached *** piety under Okawaru
  9505 | Lair:2   | 9505 ||| SWAPPING to +6 arbalest "Damnation" {damnation}.
  9512 | Lair:2   | 9512 ||| FLEEEEING.
  9513 | Lair:2   | 9513 ||| FLEEEEING.
  9514 | Lair:2   | 9514 ||| STAIRDANCE
  9568 | Lair:2   | 9568 ||| INVOKING Heroism.
  9569 | Lair:2   | Noticed a four-headed hydra
  9573 | Lair:2   | Killed a four-headed hydra
  9574 | Lair:2   | Reached XP level 12. HP: 77/77 MP: 12/15
  9593 | Lair:2   | 9593 ||| SWAPPING to +1 orcbow.
  9603 | Lair:2   | Reached skill level 15 in Ranged Weapons
  9603 | Lair:2   | 9603 ||| SWAPPING to +6 arbalest "Damnation" {damnation}.
  9625 | Lair:2   | 9625 ||| SWAPPING to +1 orcbow.
  9649 | Lair:2   | 9649 ||| INVOKING Heroism.
  9660 | Lair:2   | HP: 19/77 [killer bee (6)]
  9660 | Lair:2   | HP: 9/77 [killer bee (10)]
  9660 | Lair:2   | HP: 3/77 [killer bee (6)]
  9661 | Lair:2   | 9661 ||| READING scroll of teleportation.
  9661 | Lair:2   | Slain by a killer bee

Levels and vault maps discovered:
D:1:      arrival_aquarium_b, layout_basic
D:2:      layout_basic, kennysheep_generic_room_16, uniq_robin, uniq_sigmund
D:3:      layout_rooms, uniq_crazy_yiuf_cottage
D:4:      layout_loops_ring, kennysheep_slug_shrine,
          chequers_serial_rivers_micro_b, glass_columns_a,
          kennysheep_generic_room_12, uniq_ijyb
D:5:      layout_rooms, old_standard_altar, kennysheep_boxes, uniq_menkaure
D:6:      layout_loops_corners, minmay_misc_feat_enclosed, serial_park_tiny_1,
          bh_walls_and_bars, uniq_pikel, uniq_duvessa
D:7:      layout_basic, minmay_temple_entry_gardened_gates, serial_shops,
          nicolae_shop_tiny_real_fake_doors, nicolae_shop_tiny_real_fake_doors,
          enter_bailey_3
D:8:      layout_basic, kennysheep_mini_moat, grunt_lair_entry_orc_guard_hut,
          uniq_maurice, uniq_maggie, uniq_erica
Temple:   compressed_dpeg_triangle_lava_temple
Lair:1:   layout_regular_city, basic_altar, enter_volcano_1
Lair:2:   layout_roguey [special_room_bee], minmay_swamp_entry_reptiles,
          minmay_snake_entry_six_corridors

Skill      XL: |  1  2  3  4  5  6  7  8  9 10 11 12 |
---------------+-------------------------------------+-----
Armour         | 1 2 3 4 5 |  5.1
Ranged Weapons | 6 7 8 10 11 13 14 15 | 15.1
Fighting       | 4 5 6 8 10 | 10.0
Dodging        | 2 3 4 5 |  5.0
Invocations    | 4 |  4.7
Stealth        | |  1.1

Action                     |  1- 3 |  4- 6 |  7- 9 | 10-12 || total
---------------------------+-------+-------+-------+-------++-------
   Fire: Shortbow          |    65 |   188 |   402 |   113 ||   768
         Orcbow            |       |       |       |   322 ||   322
         Arbalest          |       |       |       |    29 ||    29
 Invoke: Heroism           |       |       |       |    17 ||    17
    Use: Scroll            |     1 |     6 |    13 |     9 ||    29
         Potion            |       |     2 |     4 |     1 ||     7
 Armour: Leather armour    |     1 |       |       |       ||     1
         Ring mail         |     3 |    54 |   153 |    25 ||   235
         Steam dragon scal |       |       |       |   168 ||   168
  Dodge: Dodged            |     3 |    73 |   110 |   343 ||   529

Table legend:
 A = Non-vault XP
 B = Vault XP
 C = Vault XP percentage of total XP
 D = Non-vault monster count
 E = Vault monster count
 F = Vault count percentage of total count
                 A         B        C        D         E       F
            +---------+---------+-------+---------+---------+-------
      Total |   13929 |    6112 |  30.5 |     196 |      57 |  22.5
            +---------+---------+-------+---------+---------+-------
        D:1 |      25 |       0 |   0.0 |      15 |       0 |   0.0
        D:2 |      82 |     281 |  77.4 |      31 |      14 |  31.1
        D:3 |      74 |       0 |   0.0 |      17 |       0 |   0.0
        D:4 |     277 |      45 |  14.0 |      11 |       4 |  26.7
        D:5 |     966 |     172 |  15.1 |      24 |       1 |   4.0
        D:6 |    1127 |     833 |  42.5 |      26 |       3 |  10.3
        D:7 |     686 |       8 |   1.2 |      23 |       4 |  14.8
        D:8 |    3020 |    2394 |  44.2 |      21 |       8 |  27.6
     Lair:1 |    5146 |       0 |   0.0 |      20 |       0 |   0.0
     Lair:2 |    2526 |    2379 |  48.5 |       8 |      23 |  74.2
            +---------+---------+-------+---------+---------+-------
